 Dungeon Crawl Stone Soup version 0.32-a0-779-g362cfcae2a (webtiles) character file.

Game seed: 13984377944632663986

73 kae the Slasher (level 4, -1/33 HPs)
             Began as a Coglin Gladiator on Mar 19, 2024.
             Killed from afar by an orc wizard (6 damage)
             ... with a magic dart
             ... on level 3 of the Dungeon.
             The game lasted 00:01:11 (2142 turns).

kae the Slasher (Coglin Gladiator)                  Turns: 2142, Time: 00:01:12

Health: -1/33      AC:  5    Str: 14    XL:     4   Next: 27%
Magic:  4/4        EV: 11    Int:  7    God:
Gold:   175        SH:  0    Dex: 18    Spells: 3/3 levels left

rFire   . . .        a - +0 long sword {Berta}
rCold   . . .        f - +0 dagger {Kheti}
rNeg    . . .        b - +0 leather armour
rPois   .            c - +1 helmet
rElec   .            (no cloak)
rCorr   .            (no gloves)
SInv    .            (no boots)
Will    .....        (amulet unavailable)
Stlth   +            (ring unavailable)
HPRegen 0.25/turn    (ring unavailable)
MPRegen 0.09/turn    (no gizmo)

%: no passive effects
@: confused, revved
A: off-hand wielding, slow wielding, warmup strikes, no jewellery
a: Invent Gizmo


You were on level 3 of the Dungeon.
You visited 1 branch of the dungeon, and saw 3 of its levels.

You collected 175 gold pieces.


Innate Abilities, Weirdness & Mutations

You can wield a second weapon in your off-hand.
It takes a long time for you to wield or remove held weapons.
Your first few attacks do less damage.
You cannot equip rings or amulets.


   Skills:
 - Level 2.0 Fighting
 + Level 5.0 Long Blades
 - Level 1.7 Throwing
 - Level 2.6 Dodging


You had 3 spell levels left.
You didn't know any spells.
Your spell library contained the following spells:

 Spells                   Type           Power      Damage    Failure   Level
 Kiss of Death            Conj/Necr      0%         2d5       52%         1
 Confusing Touch          Hex            0%         N/A       87%         3
 Fugue of the Fallen      Necr           0%         N/A       87%         3
 Ozocubu's Armour         Ice            0%         N/A       87%         3
 Dispel Undead            Necr           0%         3d6       99%         4
 Manifold Assault         Tloc           0%         N/A       99%         4

Inventory:

Hand Weapons
 a - a +0 long sword (weapon) {Berta}
 f - a +0 dagger (offhand) {Kheti}
Missiles
 d - 3 throwing nets (quivered) {=f!f}
 e - a javelin
 i - 18 stones
 k - 4 poisoned darts
Armour
 b - a +0 leather armour (worn)
 c - a +1 helmet (worn)
Jewellery
 g - an amulet of regeneration
   (You found it on level 2 of the Dungeon)
 C - a ring of protection from cold
   (You found it on level 2 of the Dungeon)
 F - a ring of fire
   (You found it on level 1 of the Dungeon)
Wands
 l - a wand of warping (6)
   (You found it on level 3 of the Dungeon)
Scrolls
 h - a scroll of immolation {!r!r}
 j - a scroll of revelation
 o - a scroll of fog {unknown}
Potions
 m - 2 potions of mutation {unknown}
 n - a potion of berserk rage {!q}
 q - a potion of haste {@q3}
 r - a potion of curing {@q1}

Dungeon Overview and Level Annotations

Branches:
Dungeon (3/15) Zot: 15852

Altars:

*...........,,**##.###....#
*..........#*** *,,*##.#..
*..........# *#.........
*..........# ##..........
*..........# #...........
***#.......# #...........
#...)...## #...........
#.....o..####...........
#####.o@............>...
#######.............
######...........
##.....##.....#...
##.......#.......##
#................#
#................##
#..................
#...........<......


You could see an orc wizard and an orc.


Message History

An orc comes into view. It is wielding a +0 short sword.
An orc wizard comes into view. It is wielding a +0 dagger.
The orc shouts!
You hear a shout! 2 orcs come into view.
The orc shouts! x2
There are monsters nearby!
The orc wizard shouts!
There are monsters nearby!
You slash the orc with your +0 long sword!
You kill the orc!
Your Long Blades skill increases to level 5!
You hit the orc but do no damage.
You hit the orc with your +0 long sword.
The orc hits you with a +0 club. 😕 HP[-2]
You take 2 damage, and now have 31/33 hp.
Unknown command.
You closely miss the orc with your +0 long sword.
You hit the orc with your +0 dagger. The orc barely misses you.
You hit the orc with your +0 long sword.
You kill the orc!
The orc wizard barely misses you.
The orc hits you with a +0 club. 😕 HP[-1]
You take 1 damage, and now have 30/33 hp.
You miss the orc wizard with your +0 long sword.
You closely miss the orc wizard with your +0 dagger.
The orc wizard casts a spell at you. The puff of flame hits you!
The orc closely misses you.
You are too injured to fight recklessly! 😮 HP[-9]
You take 9 damage, and now have 21/33 hp.
MASSIVE DAMAGE!! (PAUSE)
You closely miss the orc with your +0 long sword.
You barely miss the orc with your +0 dagger.
The orc wizard casts a spell at you.
You are confused.
The orc completely misses you.
You hit the orc with your +0 dagger.
You closely miss the orc with your +0 long sword.
The orc wizard barely misses you.
The orc hits you with a +0 club. 😮 HP[-1]
You take 1 damage, and now have 20/33 hp.
Unknown command.
You miss the orc with your +0 dagger. You hit the orc but do no damage.
The orc wizard hits you but does no damage.
The orc closely misses you. 😮 HP[+1]
The orc wizard points at you and mumbles some strange words.
You are more confused.
The orc completely misses you.
The orc wizard hits you with a +0 dagger. 😮 HP[-4]
You take 4 damage, and now have 17/33 hp.
The orc barely misses you.
The orc wizard attacks as it pursues you!
The orc wizard hits you with a +0 dagger.
* * * LOW HITPOINT WARNING * * *
😨 HP[-3]
You take 3 damage, and now have 14/33 hp.
You miss the orc wizard with your +0 dagger.
You closely miss the orc wizard with your +0 long sword.
The orc hits you with a +0 club.
* * * LOW HITPOINT WARNING * * *
The orc wizard casts a spell at you. You resist with some effort.
Unknown command.
The orc attacks as it pursues you! The orc barely misses you.
You miss the orc wizard with your +0 dagger.
You hit the orc wizard with your +0 long sword.
The orc hits you but does no damage. The orc wizard closely misses you.
Unknown command.
You closely miss the orc wizard with your +0 dagger.
You hit the orc wizard but do no damage.
The orc hits you with a +0 club.
* * * LOW HITPOINT WARNING * * *
The orc wizard casts a spell at you.
You are more confused. 😨 HP[-2]
You take 2 damage, and now have 12/33 hp.
The orc closely misses you. 😨 HP[+1] Unknown command.
You hit the orc with your +0 long sword.
You hit the orc but do no damage. The orc hits you with a +0 club.
* * * LOW HITPOINT WARNING * * *
The orc wizard casts a spell at you. The magic dart hits you.
* * * LOW HITPOINT WARNING * * *
😱 HP[-5]
You take 5 damage, and now have 8/33 hp.
You bump into the rock wall.
The orc barely misses you. The orc wizard barely misses you.
Unknown command.
You hit the orc wizard with your +0 dagger.
You miss the orc wizard with your +0 long sword.
The orc hits you with a +0 club.
* * * LOW HITPOINT WARNING * * *
The orc wizard gestures at you while chanting.
The magic dart hits you.
You die...

Skill      XL: |  1  2  3  4 |
---------------+-------------+-----
Long Blades    | 4 5 |  5.0
Fighting       | |  2.0
Throwing       | |  1.7
Dodging        | |  2.6

Action                     |  1- 3 |  4- 6 || total
---------------------------+-------+-------++-------
  Melee: Long sword        |    70 |    27 ||    97
         Dagger            |    67 |    21 ||    88
    Use: Scroll            |     9 |       ||     9
   Stab: Sleeping          |     1 |       ||     1
 Armour: Leather armour    |    40 |    24 ||    64
  Dodge: Dodged            |    49 |    18 ||    67

Levels and vault maps discovered:
D:1:      psy_arrival_basics, layout_basic, chequers_ecumenical_altar_twisty,
          nicolae_twisty_statue_hallways
D:2:      layout_rooms, minmay_nonomino_d4
D:3:      layout_rooms

Notes
Turn   | Place    | Note
-------+----------+-------------------------------------------
     0 | D:1      | kae the Coglin Gladiator began the quest for the Orb.
     0 | D:1      | Reached XP level 1. HP: 16/16 MP: 1/1
     0 | D:1      | magus.rc [v1.11.3]
   272 | D:1      | Reached XP level 2. HP: 22/22 MP: 2/2
   566 | D:1      | Found a faded altar of an unknown god.
   639 | D:1      | Reached skill level 4 in Long Blades
   899 | D:2      | Reached XP level 3. HP: 20/27 MP: 3/3
  1066 | D:2      | You pick up a book of Touch and begin reading...
  1066 | D:2      | You add the spells Kiss of Death, Confusing Touch and
                  | Dispel Undead to your library.
  1291 | D:2      | Identified the +9 hand axe of Sloth {flame, +Blink rC+ rN+
                  | Dex-4}
  1857 | D:3      | Reached XP level 4. HP: 31/33 MP: 4/4
  1992 | D:3      | You pick up a book of Battle and begin reading...
  1992 | D:3      | You add the spells Fugue of the Fallen, Ozocubu's Armour
                  | and Manifold Assault to your library.
  2125 | D:3      | Reached skill level 5 in Long Blades
  2140 | D:3      | HP: 8/33 [orc wizard/magic dart (3)]
  2142 | D:3      | Killed from afar by an orc wizard

Vanquished Creatures
  An adder (D:2)
  2 dart slugs
  2 ribbon worms
  2 orcs (D:3)
  3 endoplasms
  4 giant cockroaches
  6 goblins
  6 hobgoblins
  4 kobolds
  3 quokkas
  3 ball pythons
  6 bats
  2 frilled lizards (D:1)
  7 rats
51 creatures vanquished.

Table legend:
 A = Non-vault XP
 B = Vault XP
 C = Vault XP percentage of total XP
 D = Non-vault monster count
 E = Vault monster count
 F = Vault count percentage of total count
                 A         B        C        D         E       F
            +---------+---------+-------+---------+---------+-------
      Total |      92 |      13 |  12.4 |      44 |       7 |  13.7
            +---------+---------+-------+---------+---------+-------
        D:1 |      31 |       0 |   0.0 |      18 |       0 |   0.0
        D:2 |      34 |      13 |  27.7 |      14 |       7 |  33.3
        D:3 |      27 |       0 |   0.0 |      12 |       0 |   0.0
            +---------+---------+-------+---------+---------+-------

Skill      XL: |  1  2  3  4 |
---------------+-------------+-----
Long Blades    | 4 5 |  5.0
Fighting       | |  2.0
Throwing       | |  1.7
Dodging        | |  2.6

Action                     |  1- 3 |  4- 6 || total
---------------------------+-------+-------++-------
  Melee: Long sword        |    70 |    27 ||    97
         Dagger            |    67 |    21 ||    88
    Use: Scroll            |     9 |       ||     9
   Stab: Sleeping          |     1 |       ||     1
 Armour: Leather armour    |    40 |    24 ||    64
  Dodge: Dodged            |    49 |    18 ||    67

Illustrated notes

Table legend:
 A = Kills in this place as a percentage of kills in the entire game.
 B = Kills by you in this place as a percentage of kills by you in the entire game.
 C = Kills by friends in this place as a percentage of kills by friends in the entire game.
 D = Other kills in this place as a percentage of other kills in the entire game.
 E = Experience gained in this place as a percentage of experience gained in the entire game.
 F = Experience gained in this place divided by the number of levels of this place that you have seen.
                   A       B       C       D       E      F
               +-------+-------+-------+-------+-------+----------------------
         Total | 100.0 | 100.0 |   N/A |   N/A | 100.0 |  35.0
       Dungeon | 100.0 | 100.0 |   N/A |   N/A | 100.0 |  35.0
               +-------+-------+-------+-------+-------+----------------------

Table legend: (Time is in decaauts)
 A = Elapsed time spent in this place.
 B = Non-inter-level travel time spent in this place.
 C = Inter-level travel time spent in this place.
 D = Time resting spent in this place.
 E = Time spent auto-exploring this place.
 F = Levels seen in this place.
 G = Mean time per level.
                   A        B        C        D        E       F      G
               +--------+--------+--------+--------+--------+-----+--------+
         Total |   2146 |   2044 |    102 |      0 |   1731 |   3 |  715.3 |
       Dungeon |   2146 |   2044 |    102 |      0 |   1731 |   3 |  715.3 |
               +--------+--------+--------+--------+--------+-----+--------+

Top non-repeatable levels by time:
     D:2: 939 daAuts
     D:1: 890 daAuts
     D:3: 316 daAuts
